 Dungeon Crawl Stone Soup version 0.25.0-46-gbd7b0854d2 (webtiles) character file.

Game seed: 6903996870057822887

1433 Peloso the Shield-Bearer (level 8, 0/69 HPs)
             Began as a Hill Orc Fighter on July 12, 2020.
             Succumbed to a worker ant's poison
             ... on level 5 of the Dungeon.
             The game lasted 00:13:37 (5985 turns).

Peloso the Shield-Bearer (Hill Orc Fighter)         Turns: 5985, Time: 00:13:38

Health: 0/69       AC: 12    Str: 18 (21) XL:     8   Next: 73%
Magic:  8/8        EV:  6    Int:  5 (8)  God:
Gold:   314        SH: 10    Dex:  9 (10) Spells: 7/7 levels left

rFire    . . .     SeeInvis .   a - +6 whip "Zoisesse" {drain, rElec rC+ MR+}
rCold    + . .     Gourm    .   c - +0 kite shield
rNeg     . . .     Faith    .   e - +0 chain mail
rPois    .         Spirit   .   l - +1 hat
rElec    +         Reflect  .   (no cloak)
rCorr    .         Harm     .   (no gloves)
MR       +....                  s - +0 pair of boots (curse)
Stlth    ..........             (no amulet)
HPRegen  0.21/turn              j - ring of wizardry
MPRegen  0.11/turn              (no ring)

@: lethally poisoned (0 -> -25), stab, flying
A: horns 1, screaming 1
a: no special abilities


You were on level 5 of the Dungeon.
You were not hungry.

You visited 1 branch of the dungeon, and saw 6 of its levels.
You also visited: Ossuary.

You collected 314 gold pieces.

Inventory:

Hand Weapons
 a - the +6 whip "Zoisesse" (weapon) {drain, rElec rC+ MR+}
   (You found it on level 4 of the Dungeon)

   A truly terrible weapon, it drains the life of those it strikes.
   It protects you from cold.
   It insulates you from electricity.
   It affects your resistance to hostile enchantments.
Armour
 b - a +0 scale mail
 c - a +0 kite shield (worn)
 e - a +0 chain mail (worn)
 l - a +1 hat (worn)
 s - a cursed +0 pair of boots (worn)
Jewellery
 j - a ring of wizardry (left hand)
Wands
 v - a wand of random effects (26)
Scrolls
 g - 4 scrolls of remove curse
 h - 3 scrolls of fog
 k - a scroll of enchant armour {unknown}
 t - a scroll of enchant weapon
 u - a scroll of teleportation {unknown}
 w - a scroll of identify
Potions
 d - 3 potions of might
 n - a potion of brilliance
 o - a potion of stabbing
 p - a potion of cancellation
 q - 2 potions of haste
 r - 2 potions of flight
Comestibles
 f - 9 rations


   Skills:
 + Level 5.6 Fighting
   Level 4.0 Long Blades
 + Level 5.8 Maces & Flails
 + Level 5.9 Armour
 + Level 2.1 Dodging
 + Level 0.4 Stealth
 + Level 6.4 Shields


You had 7 spell levels left.
You didn't know any spells.
Your spell library contained the following spells:

 Spells                   Type           Power        Failure   Level  Hunger
 Corona                   Hex            #......      99%         1    ##.....


Dungeon Overview and Level Annotations

Branches:
Dungeon (6/15)            Ossuary (visited)
 Temple: D:4-7

Altars:
Cheibriados
Kikubaaqudgha
Sif Muna
Vehumet
Xom

Shops:
D:4 :   D:6 ?


Innate Abilities, Weirdness & Mutations

You have a pair of small horns on your head.
You occasionally shout uncontrollably at your foes.


Message History

You feel the urge to shout. A pair of horns grows on your head!
* * * LOW HITPOINT WARNING * * *
You feel sick.
The worker ant bites you but does no damage.
You block the bullfrog's attack. The centaur barely misses you.
The worker ant waves its antennae.
The worker ant barely misses you.
You hit the centaur.
The centaur is moderately wounded.
* * * LOW HITPOINT WARNING * * *
You feel sick. The bullfrog barely misses you. You block the centaur's attack.
The worker ant bites you.
* * * LOW HITPOINT WARNING * * *
You are more poisoned.
The worker ant poisons you!
The bullfrog hits you but does no damage.
The centaur barely misses you.
Your shield and chain mail prevent you from hitting the centaur.
The centaur is moderately wounded.
You die...

#.....##......)......
#.#######............ ##.#
##........#.....
######(.####..#########.###
#...)........## #.###
#..........### #.#..
#..........## #...#
#.....####### #########..##
####### ##@## #.........##
#8caF8##.#########
#..F..##.# #8.....8#.#
##.....##.# #8...8##.#
#.....##.# 8.....8#.# #.#


You could see 2 bullfrogs, a centaur and a worker ant.

Vanquished Creatures
  Duvessa (D:4)
  An ice beast (D:5)
  An ogre (D:5)
  A centaur (D:5)
  2 water moccasin zombies (Ossuary)
  Dowan (D:4)
  2 scorpions
  A howler monkey (D:4)
  A centaur skeleton (D:5)
  An orc priest (D:4)
  A jelly (D:5)
  Terence (D:2)
  3 iguanas
  A worker ant (D:4)
  6 orc wizards
  A killer bee zombie (D:5)
  2 big kobold zombies (Ossuary)
  2 mummies (Ossuary)
  A worker ant zombie (D:3)
  6 gnolls
  5 adders
  2 shadow imps (D:4)
  An ooze (D:1)
  6 adder zombies (Ossuary)
  2 worms
  8 dart slugs
  3 leopard geckos
  13 orcs
  8 bats
  5 giant cockroaches
  13 goblins
  10 hobgoblins
  5 jackals
  4 quokkas
  6 frilled lizards
  3 gnoll zombies (Ossuary)
  6 hobgoblin zombies (Ossuary)
  9 kobolds
  10 kobold zombies (Ossuary)
  A leopard gecko skeleton (D:5)
  4 orc zombies (Ossuary)
  A quokka zombie (D:4)
  12 rats
  A rat zombie (D:4)
174 creatures vanquished.

Notes
Turn   | Place    | Note
-------+----------+-------------------------------------------
     0 | D:1      | Peloso the Hill Orc Fighter began the quest for the Orb.
     0 | D:1      | Reached XP level 1. HP: 19/19 MP: 1/1
   116 | D:1      | Reached XP level 2. HP: 26/26 MP: 2/2
   446 | D:1      | Reached XP level 3. HP: 27/33 MP: 3/3
  1079 | D:2      | Noticed Terence
  1086 | D:2      | Killed Terence
  1086 | D:2      | Reached XP level 4. HP: 38/40 MP: 4/4
  1653 | D:2      | Reached skill level 4 in Shields
  1899 | D:2      | Reached XP level 5. HP: 46/46 MP: 5/5
  2371 | D:3      | Found a shimmering altar of Xom.
  2431 | D:3      | Reached skill level 1 in Dodging
  3162 | D:3      | Found a shimmering altar of Xom.
  3278 | D:3      | Found an ancient bone altar of Kikubaaqudgha.
  3282 | D:3      | Found a shimmering blue altar of Sif Muna.
  3284 | D:3      | Found a radiant altar of Vehumet.
  3288 | D:3      | Identified Sif Muna's Catalogue of Enchantment
  3385 | D:4      | Got a smoking whip
  3386 | D:4      | Identified the +6 whip "Zoisesse" {drain, rElec rC+ MR+}
                  | (You found it on level 4 of the Dungeon)
  3455 | D:4      | Noticed Dowan
  3458 | D:4      | Noticed Duvessa
  3467 | D:4      | Killed Duvessa
  3467 | D:4      | Reached skill level 1 in Maces & Flails
  3467 | D:4      | Reached XP level 6. HP: 43/53 MP: 6/6
  3471 | D:4      | Killed Dowan
  3584 | D:4      | Found a sand-covered staircase.
  3592 | Ossuary  | Entered an ossuary
  3698 | Ossuary  | Reached XP level 7. HP: 49/60 MP: 7/7
  3864 | Ossuary  | Reached skill level 5 in Shields
  4450 | D:4      | Found Hoddoc's Book Boutique.
  4714 | D:5      | Entered Level 5 of the Dungeon
  4866 | D:5      | Found a snail-covered altar of Cheibriados.
  4900 | D:5      | Reached skill level 5 in Fighting
  4900 | D:5      | Reached skill level 5 in Armour
  4903 | D:5      | Reached XP level 8. HP: 58/68 MP: 8/8
  5242 | D:5      | Reached skill level 5 in Maces & Flails
  5242 | D:5      | Reached skill level 6 in Shields
  5899 | D:6      | Found Edineykk's Magic Scroll Boutique.
  5976 | D:5      | HP: 3/69 [bullfrog (5)]
  5983 | D:5      | Gained mutation: You occasionally shout uncontrollably at
                  | your foes. [potion of mutation]
  5983 | D:5      | Gained mutation: You have a pair of small horns on your
                  | head. [potion of mutation]
  5984 | D:5      | HP: 1/69 [worker ant (3)]
  5985 | D:5      | Succumbed to a worker ant's poison

Illustrated notes

Levels and vault maps discovered:
D:1:      eino_arrival_druids_welcome, layout_basic
D:2:      layout_loops_cross, kennysheep_generic_room_14, uniq_terence
D:3:      minmay_skewed_foursquare, layout_loops_cross,
          grunt_temple_overflow_magic_moments, xom_redecorated, first_ration
D:4:      layout_cave_pools, enter_ossuary_4, serial_shops, kennysheep_mini,
          uniq_duvessa
D:5:      layout_rooms, kennysheep_slug_shrine, nicolae_overflow_hidden_temple,
          due_unseen_surprise
D:6:      layout_loops_cross, temple_statues, serial_shops,
          nicolae_shop_statue_plus, basic_altar

Skill      XL: |  1  2  3  4  5  6  7  8 |
---------------+-------------------------+-----
Fighting       | 4 5 |  5.6
Armour         | 4 5 |  5.9
Long Blades    | 3 4 |  4.0
Shields        | 4 5 6 |  6.4
Dodging        | 1 2 |  2.1
Maces & Flails | 1 2 4 5 |  5.8
Stealth        | |  0.4

Action                   |  1- 3 |  4- 6 |  7- 9 || total
-------------------------+-------+-------+-------++-------
Melee: Long sword        |    95 |   245 |       ||   340
       Whip              |       |    57 |   255 ||   312
  Use: Potion            |     1 |       |     5 ||     6
       Scroll            |       |     7 |     3 ||    10
  Eat: Chunk             |     1 |     9 |     7 ||    17
Armor: Scale mail        |    70 |   179 |    26 ||   275
       Chain mail        |       |       |   103 ||   103
Dodge: Dodged            |    43 |   110 |    89 ||   242
Block: Kite shield       |    68 |   151 |   183 ||   402
       Rpst.: Long sword |     9 |    35 |       ||    44
